 Dungeon Sprint DCSS version 0.24-a0-582-g4d4af81 (webtiles) character file.

Game seed: 17097296697843830707

1191 silentkaos13 the Cruncher (level 8, -5/67 HPs)
             Began as a Demonspawn Gladiator on Aug 27, 2019.
             Was a Follower of Makhleb.
             Slain by Sonja
             ... wielding a +1 dagger of distortion
              (20 damage)
             ... in the Dungeon (Sprint I: "Red Sonja").
             The game lasted 00:02:34 (549 turns).

silentkaos13 the Cruncher (Demonspawn Gladiator)     Turns: 549, Time: 00:02:35

Health: -5/67      AC: 10    Str: 16    XL:     8   Next: 20%
Magic:  12/12      EV: 17    Int: 10    God:    Makhleb [*.....]
Gold:   411        SH:  0    Dex: 15    Spells: 7/7 levels left

rFire    . . .     SeeInvis .   a - +0 quarterstaff
rCold    . . .     Gourm    .   (shield currently unavailable)
rNeg     . . .     Faith    .   b - +0 leather armour
rPois    .         Spirit   .   c - +0 helmet
rElec    .         Reflect  .   (no cloak)
rCorr    .         Harm     .   (no gloves)
MR       .....     NoTele   +   g - +2 pair of boots
Stlth    ++........             (no amulet)
HPRegen  0.21/turn              (no ring)
MPRegen  0.13/turn              (no ring)

@: lethally poisoned (-5 -> -6), slowed, very slow
A: thin metallic scales 2, demonic guardian 1, spiny 1
a: Renounce Religion


You were in the Dungeon.
You worshipped Makhleb.
Makhleb was aware of your devotion.
You were not hungry.

You visited 1 branch You collected 411 gold pieces.

Inventory:

Hand Weapons
 a - a +0 quarterstaff (weapon)
Armour
 b - a +0 leather armour (worn)
 c - a +0 helmet (worn)
 g - a +2 pair of boots (worn)
Scrolls
 k - a scroll of blinking
Potions
 e - a potion of curing
 h - a potion of haste
 i - 2 potions of magic
 l - a potion of might {unknown}
Comestibles
 f - a ration
 m - 2 chunks of flesh


   Skills:
 + Level 7.4 Fighting
 + Level 11.1 Staves
 - Level 4.5 Throwing
 + Level 2.7 Armour
 + Level 8.4 Dodging
 + Level 2.6 Stealth
 * Level 6.2 Invocations


You had 7 spell levels left.
You didn't know any spells.
Your spell library was empty.

Dungeon Overview and Level Annotations

Branches:
Dungeon (1/1)

Altars:
Cheibriados
Dithmenos
Elyvilon
Fedhas
Gozag
Hepliaklqana
Kikubaaqudgha
Makhleb
Nemelex Xobeh
Okawaru
Qazlal
Ru
Sif Muna
Trog
Uskayaw
Vehumet
Wu Jian
Xom
Yredelemnul
Zin
The Shining One
Jiyva
Lugonu

Shops:
D %

Annotations:
D Sonja


Innate Abilities, Weirdness & Mutations

You are mostly covered in thin metallic scales. (AC +3)
A weak demonic guardian rushes to your aid.
You are partially covered in sharp spines.


Message History

Throwing (i - inventory)
d - a curare-tipped dart (quivered)
Press: ? - help, Shift-Dir - straight line, f/p - Sonja
Aim: Sonja, wielding a +1 dagger of distortion and carrying a wand of digging (5) (moderately wounded)
You throw a curare-tipped dart.
The curare-tipped dart completely misses Sonja.
Sonja completely misses you.
Sonja hits you with a +1 dagger of distortion.
Space warps horribly around you!! Sonja hits you but does no damage.
Sonja is struck by your spines. Sonja barely misses you. x2
Sonja hits you with a +1 dagger of distortion.
Space bends around you.
Your iron imp completely misses Sonja.
You completely miss Sonja.
Sonja is moderately wounded.
Sonja completely misses you. Sonja barely misses you.
Sonja completely misses you. Sonja hits you but does no damage.
Space warps horribly around you!
* * * LOW HITPOINT WARNING * * *
Sonja completely misses you. Sonja hits you but does no damage.
Space warps horribly around you!!
You die...

##########################
#<.#.)').#..'..#__#..'..)#
#..'..#..').#..'..'..#)..#
#..#####'#####'#__####.(.+
#..## #..#...#.#### #####
#..#__####..##.#
#..#_____##'#_.+
#⌠⌠#_.∩..÷'5@._#
####_..__##_K#'# #_____
##'#.# ###### #.### $.$
$.$ ##(## #+#


You could see Sonja and a friendly iron imp.

Vanquished Creatures
  2 kobold demonologists (D)
  A slime creature (D)
  Sigmund (D)
  A yak (D)
  A floating eye (D)
  An ogre (D)
  A jelly (D)
  Ijyb (D)
9 creatures vanquished.

Notes
Turn   | Place    | Note
-------+----------+-------------------------------------------
     0 | D        | silentkaos13 the Demonspawn Gladiator began the quest for
                  | the Orb.
     0 | D        | Reached XP level 1. HP: 16/16 MP: 1/1
     1 | D        | Noticed Ijyb
    17 | D        | Killed Ijyb
    17 | D        | Reached skill level 4 in Staves
    17 | D        | Gained mutation: You are partially covered in thin metallic
                  | scales. (AC +2) [demonic ancestry]
    17 | D        | Reached XP level 2. HP: 12/23 MP: 2/2
   162 | D        | Noticed an ogre
   168 | D        | Killed an ogre
   168 | D        | Reached skill level 6 in Staves
   168 | D        | Reached skill level 5 in Dodging
   168 | D        | Reached XP level 3. HP: 30/30 MP: 3/3
   168 | D        | Gained mutation: You are partially covered in sharp spines.
                  | [demonic ancestry]
   168 | D        | Reached XP level 4. HP: 37/37 MP: 4/4
   179 | D        | Noticed Sigmund
   186 | D        | Killed Sigmund
   186 | D        | Reached skill level 5 in Fighting
   186 | D        | Reached skill level 8 in Staves
   186 | D        | Reached skill level 1 in Armour
   186 | D        | Reached XP level 5. HP: 37/44 MP: 5/5
   241 | D        | Found a burning altar of Makhleb.
   241 | D        | Found a viscous altar of Jiyva.
   241 | D        | Found a shimmering altar of Xom.
   241 | D        | Found a corrupted altar of Lugonu.
   241 | D        | Noticed a slime creature
   260 | D        | Killed a slime creature
   260 | D        | Reached skill level 9 in Staves
   260 | D        | Reached skill level 1 in Stealth
   260 | D        | Gained mutation: A weak demonic guardian rushes to your
                  | aid. [demonic ancestry]
   260 | D        | Reached XP level 6. HP: 33/52 MP: 6/6
   262 | D        | Became a worshipper of Makhleb the Destroyer
   372 | D        | Found an ornate altar of the Wu Jian Council.
   372 | D        | Found a shimmering blue altar of Sif Muna.
   374 | D        | Found a radiant altar of Vehumet.
   377 | D        | Reached skill level 1 in Invocations
   412 | D        | Found Baskonia's Food Emporium.
   412 | D        | Found an ancient bone altar of Kikubaaqudgha.
   412 | D        | Found a hazy altar of Hepliaklqana.
   412 | D        | Found a stormy altar of Qazlal.
   412 | D        | Found a hide-covered altar of Uskayaw.
   412 | D        | Found a blossoming altar of Fedhas.
   412 | D        | Found a bloodstained altar of Trog.
   412 | D        | Found an iron altar of Okawaru.
   412 | D        | Found a basalt altar of Yredelemnul.
   412 | D        | Found a glowing golden altar of the Shining One.
   412 | D        | Found a snail-covered altar of Cheibriados.
   412 | D        | Found a sacrificial altar of Ru.
   412 | D        | Found a glowing silver altar of Zin.
   412 | D        | Found a shadowy altar of Dithmenos.
   412 | D        | Found a white marble altar of Elyvilon.
   412 | D        | Noticed a yak
   413 | D        | Found an opulent altar of Gozag.
   422 | D        | Killed a yak
   422 | D        | Reached XP level 7. HP: 51/59 MP: 6/9
   423 | D        | Found a sparkling altar of Nemelex Xobeh.
   480 | D        | Noticed a kobold demonologist
   481 | D        | Noticed a kobold demonologist
   485 | D        | Reached * piety under Makhleb
   485 | D        | Reached skill level 10 in Staves
   494 | D        | Killed a kobold demonologist
   494 | D        | Reached skill level 5 in Invocations
   499 | D        | Noticed an ice devil
   506 | D        | Noticed a sun demon
   506 | D        | Killed a kobold demonologist
   506 | D        | Reached skill level 11 in Staves
   506 | D        | Gained mutation: You are mostly covered in thin metallic
                  | scales. (AC +3) [demonic ancestry]
   506 | D        | Reached XP level 8. HP: 61/67 MP: 10/12
   544 | D        | Noticed Sonja
   549 | D        | Slain by Sonja

Levels and vault maps discovered:
D:        dungeon_sprint_1 [red_sonja_temple_1, red_sonja_temple_small_1]

Skill      XL: |  1  2  3  4  5  6  7 |
---------------+----------------------+-----
Staves         | 4 6 8 9 11 | 11.1
Throwing       | 2 3 4 |  4.5
Dodging        | 4 5 6 7 8 |  8.4
Fighting       | 3 5 6 7 |  7.4
Armour         | 1 2 |  2.7
Stealth        | 1 2 |  2.6
Invocations    | 2 6 |  6.2

Action                   |  1- 3 |  4- 6 |  7- 9 || total
-------------------------+-------+-------+-------++-------
Melee: Quarterstaff      |    18 |    32 |    22 ||    72
Throw: Throwing net      |     1 |     2 |     1 ||     4
       Dart              |       |       |     2 ||     2
  Use: Potion            |       |     1 |     1 ||     2
 Stab: Held in net/web   |       |     1 |       ||     1
Armor: Leather armour    |     5 |     2 |    11 ||    18
Dodge: Dodged            |     8 |     7 |    23 ||    38

Table legend:
 A = Non-vault XP
 B = Vault XP
 C = Vault XP percentage of total XP
 D = Non-vault monster count
 E = Vault monster count
 F = Vault count percentage of total count
                 A         B        C        D         E       F
            +---------+---------+-------+---------+---------+-------
      Total |       0 |    1702 | 100.0 |       0 |       9 | 100.0
            +---------+---------+-------+---------+---------+-------
          D |       0 |    1702 | 100.0 |       0 |       9 | 100.0
            +---------+---------+-------+---------+---------+-------
